 Dungeon Crawl Stone Soup version 0.22-a0-224-g8cf3520 (console) character file.

48 Et the Vexing (level 3, -2/46 HPs)
             Began as a Naga Arcane Marksman on Feb 20, 2018.
             Slain by McSplat's ghost (6 damage)
             ... on level 4 of the Dungeon.
             The game lasted 00:04:31 (1358 turns).

Et the Vexing (Naga Arcane Marksman)                Turns: 1358, Time: 00:04:32

Health: -2/46      AC: 21    Str: 17    XL:     3   Next: 72%
Magic:  4/4        EV:  1    Int: 16    God:
Gold:   58         SH:  0    Dex: 11    Spells: 3/4 levels left

rFire    . . .     SeeInvis +   a - +2 dagger (speed)
rCold    . . .     Gourm    .   (no shield)
rNeg     + + +     Faith    .   (armour currently unavailable)
rPois    +         Spirit   .   (helmet currently unavailable)
rElec    .         Reflect  .   (cloak currently unavailable)
rCorr    .         Harm     .   (gloves currently unavailable)
MR       .....     Rnd*Rage +   (no barding) Stlth ++........NoTele +
                                (no amulet)
HPRegen  0.15/turn              j - ring of wizardry
MPRegen  0.09/turn              (no ring)

@: mighty, tree-form
A: large, see invisible, berserk 1, clever 1, slow metabolism 1, spit poison 1,
AC +1
a: Spit Poison


You were on level 4 of the Dungeon.
You were not hungry.
You were a tree.
You visited 1 branch of the dungeon, and saw 3 of its levels.

You collected 58 gold pieces.

Inventory:

Hand Weapons
 a - a +2 dagger of speed (weapon)
 b - a -1 hunting sling
Missiles
 c - 187 stones
 d - 7 javelins (quivered)
 e - 27 sling bullets
 f - 2 throwing nets
 i - 38 arrows
Armour
 p - a +0 robe (melded)
Jewellery
 j - a ring of wizardry (left branch)
Scrolls
 h - a scroll of fog
 t - a scroll of amnesia {unknown}
Potions
 m - a potion of might
 n - a potion of flight
Comestibles
 g - 4 rations
 s - a chunk of flesh


   Skills:
 - Level 1.0 Fighting
 * Level 2.8 Throwing
 - Level 2.1 Dodging
 + Level 2.3 Stealth
 - Level 1.0 Spellcasting
 - Level 3.0 Hexes


You had 3 spell levels left.
You knew the following spells:

 Your Spells              Type           Power        Failure   Level  Hunger
a - Corona                Hex            ##.....      2%          1    ##.....


Dungeon Overview and Level Annotations

Branches:
Dungeon (2/15)

Altars:

Annotations:
D:4 McSplat's ghost, amateur DrCj


Innate Abilities, Weirdness & Mutations

You cannot wear boots.
((Your serpentine skin is tough. (AC +1)))
You have supernaturally acute eyesight. (SInv)
((Armour fits poorly on your strangely shaped body.))
((Your system is resistant to poisons. (rPois)))
((You cover ground very slowly.))
You have a slow metabolism.
You can spit poison.
((You are partially covered in molten scales. (AC +2)))
You tend to lose your temper in combat.
Your mind is acute. (Int +2)


Message History

Unknown command.
Unknown command.
Okay, then.
Unknown command.
Unknown command.
As you read the scroll labeled FOUXOLUVYK, it crumbles to dust.
You feel as if something is helping you.
It was a scroll of remove curse.
The orc priest looks more healthy.
The orc hits you but does no damage. x2
Wield which item (- for none, * to show all)? (? for menu, Esc to quit)
Your branches tingle!
a - a +2 dagger of speed (weapon)
The orc hits you but does no damage. McSplat's ghost completely misses you.
You hit McSplat's ghost.
McSplat's ghost is lightly damaged.
The orc hits you but does no damage. x2
You miss McSplat's ghost.
McSplat's ghost is lightly damaged.
McSplat's ghost hits you.
You die...

... #..
#..########
...#......
#.........
#..o......
#ooo.o....
#.♣# #.W#
#..# #.(..#
##+#...#
......
..... .....
....


You could see an orc priest, an orc wizard, McSplat's ghost and 3 orcs.

Vanquished Creatures
  A worker ant (D:4)
  An ooze (D:2)
  A worm (D:2)
  A dart slug (D:1)
  2 goblins (D:1)
  A hobgoblin (D:1)
  3 jackals (D:1)
  A kobold (D:1)
  A bat (D:1)
  3 frilled lizards
  2 rats
17 creatures vanquished.

Notes
Turn   | Place    | Note
-------+----------+-------------------------------------------
     0 | D:1      | Et the Naga Arcane Marksman began the quest for the Orb.
     0 | D:1      | Reached XP level 1. HP: 18/18 MP: 2/2
   272 | D:1      | Reached skill level 1 in Stealth
   272 | D:1      | Reached XP level 2. HP: 12/25 MP: 3/3
  1283 | D:2      | Reached XP level 3. HP: 31/31 MP: 4/4
  1307 | D:2      | You fall through a shaft for 2 floors!
  1345 | D:4      | Noticed McSplat's ghost (amateur DrCj)
  1354 | D:4      | Gained mutation: You tend to lose your temper in combat. [potion of mutation]
  1354 | D:4      | Gained mutation: Your mind is acute. (Int +2) [potion of mutation]
  1354 | D:4      | Gained mutation: You are partially covered in molten scales. (AC +2) [potion of mutation]
  1358 | D:4      | Slain by McSplat's ghost

Vault maps used:
D:1:      denvon_arrival_planthouse, serial_bayou_lake_a
D:2:      nemelex_xobeh_ov_fountains_minmay

Skill      XL: |  1  2  3 |
---------------+----------+-----
Throwing       | 2 |  2.8
Stealth        | 1 2 |  2.3
Dodging        | 2 |  2.1
Fighting       | |  1.0
Spellcasting   | |  1.0
Hexes          | |  3.0

Action                   || total
-------------------------++-------
Melee: Dagger            ||     2
 Fire: Hunting sling     ||    48
Throw: Javelin           ||     2
 Abil: Spit Poison       ||    18
  Use: Scroll            ||     4
       Potion            ||     4
  Eat: Chunk             ||     2
Armor: Robe              ||     4
       Skin              ||     7
Dodge: Dodged            ||    21

Table legend:
 A = Spawn XP
 B = Non-spawn XP
 C = Spawn XP percentage of total XP
 D = Spawn monster count
 E = Non-spawn monster count
 F = Spawn count percentage of total count
 G = Total turns spent on level
                    A         B        C        D         E        F      G
               +---------+---------+-------+---------+---------+-------+---------
         Total |       0 |      69 |   0.0 |       0 |      17 |   0.0 |  1358
               +---------+---------+-------+---------+---------+-------+---------
           D:1 |       0 |      22 |   0.0 |       0 |      12 |   0.0 |  1140
           D:2 |       0 |      14 |   0.0 |       0 |       4 |   0.0 |   167
           D:4 |       0 |      33 |   0.0 |       0 |       1 |   0.0 |    51
               +---------+---------+-------+---------+---------+-------+---------
